 Dungeon Crawl Stone Soup version 0.30-a0-718-geaa24f58ff (webtiles) character file.

Game seed: 4427927820253757116

1682 oldriver the Shooter (level 9, 0/78 HPs)
             Began as a Ghoul Fighter on Jan 25, 2023.
             Slain by an orc warrior
             ... wielding a +1 vampiric hand axe
              (10 damage)
             ... on level 6 of the Dungeon on Jan 26, 2023.
             The game lasted 00:15:16 (6681 turns).

oldriver the Shooter (Ghoul Fighter)                Turns: 6681, Time: 00:15:16

Health: 0/78       AC: 17    Str: 22    XL:     9   Next: 2%
Magic:  8/8        EV: 11    Int:  3    God:
Gold:   146        SH:  9    Dex: 10    Spells: 8/8 levels left

rFire   . . .      SeeInvis .    a - +2 sling (freeze)
rCold   + . .      Faith    .    b - +0 buckler
rNeg    + + +      Spirit   .    c - +0 steam dragon scales
rPois   ∞          Reflect  +    e - +1 helmet
rElec   .          Harm     .    u - +2 cloak
rCorr   .          Rampage  .    f - +2 pair of gloves
Will    .....                    x - +2 pair of boots {Fly}
Stlth   ++                       o - amulet of reflection
HPRegen 0.00/turn                (no ring)
MPRegen 0.11/turn                (no ring)

@: flying, inhibited regen
A: claws 1, cold resistance 1, negative energy resistance 3, inhibited
regeneration, torment resistance 2, devour on kill
a: no special abilities


You were on level 6 of the Dungeon.
You visited 2 branches of the dungeon, and saw 8 of its levels.

You collected 361 gold pieces.
You spent 215 gold pieces at shops.

Inventory:

Hand Weapons
 a - a +2 sling of freezing (weapon)
 n - a +2 heavy hand axe
 v - a +0 vampiric dagger
Missiles
 j - 2 poisoned darts
Armour
 b - a +0 buckler (worn)
 c - +0 steam dragon scales (worn)
 e - a +1 helmet (worn)
 f - a +2 pair of gloves (worn)
 u - a +2 cloak (worn)
 x - a +2 pair of boots of flying (worn)
Jewellery
 o - an amulet of reflection (around neck)
Wands
 g - a wand of mindburst (4)
Scrolls
 d - 3 scrolls of identify
 i - 2 scrolls of teleportation
Potions
 h - 6 potions of cancellation
 p - a potion of curing
 q - a potion of flight
 s - a potion of magic {unknown}
 t - 3 potions of brilliance


   Skills:
 - Level 6.5 Fighting
 * Level 7.7 Ranged Weapons
 - Level 3.3 Armour
 - Level 2.0 Dodging
 - Level 3.0 Stealth
 - Level 3.0 Shields
 - Level 3.0 Unarmed Combat


You had 8 spell levels left.
You didn't know any spells.
Your spell library contained the following spells:

 Spells                   Type           Power      Damage    Failure   Level
 Freeze                   Ice            0%         1d3       63%         1
 Sandblast                Erth           0%         2d4       63%         1
 Passwall                 Tmut/Erth      0%         N/A       77%         2
 Frozen Ramparts          Ice            0%         1d1       94%         3
 Hailstorm                Conj/Ice       0%         3d3       94%         3
 Ozocubu's Armour         Ice            0%         N/A       94%         3
 Stone Arrow              Conj/Erth      0%         3d7       94%         3
 Metabolic Englaciation   Hex/Ice        0%         N/A       100%        5
 Simulacrum               Ice/Necr       0%         N/A       100%        6


Dungeon Overview and Level Annotations

Branches:
Dungeon (7/15)             Temple (1/1) D:7

Altars:
Ashenzari
Cheibriados
Dithmenos
Gozag
Hepliaklqana
Kikubaaqudgha
Makhleb
Okawaru
Qazlal
Sif Muna
Trog
Uskayaw
Vehumet
Wu Jian

Shops:
D:1 [[=[=

Annotations:
D:3 2 transporters, pigah's ghost, amateur OpWn
D:5 1 runed translucent door, flotson's ghost, amateur DsDe


Innate Abilities, Weirdness & Mutations

You are immune to poison.
You have sharp fingernails.
Your flesh is cold resistant. (rC+)
You are immune to negative energy. (rN+++)
You do not regenerate when monsters are visible.
You are immune to unholy pain and torment.
You thrive by killing the living.


Message History

You shoot a sling bullet.
The sling bullet completely misses the orc warrior.
The orc warrior hits you but does no damage.
You shoot a sling bullet.
The sling bullet completely misses the orc warrior.
You block the orc warrior's attack.
You shoot a sling bullet.
The sling bullet hits the orc warrior but does no damage.
The orc warrior is severely wounded.
You block the orc warrior's attack.
You shoot a sling bullet.
The sling bullet hits the orc warrior but does no damage.
The orc warrior is severely wounded.
You block the orc warrior's attack.
You shoot a sling bullet.
The sling bullet hits the orc warrior but does no damage.
The orc warrior is severely wounded.
The orc warrior hits you with a +1 vampiric hand axe.
* * * LOW HITPOINT WARNING * * *
You shoot a sling bullet.
The sling bullet hits the orc warrior but does no damage.
The orc warrior is severely wounded.
You block the orc warrior's attack.
You shoot a sling bullet.
The sling bullet hits the orc warrior but does no damage.
The orc warrior is severely wounded.
You block the orc warrior's attack.
You shoot a sling bullet.
The sling bullet completely misses the orc warrior.
You block the orc warrior's attack.
You shoot a sling bullet.
The sling bullet hits the orc warrior but does no damage.
The orc warrior is severely wounded.
The orc warrior hits you with a +1 vampiric hand axe.
* * * LOW HITPOINT WARNING * * *
You shoot a sling bullet.
The sling bullet hits the orc warrior but does no damage.
The orc warrior is severely wounded.
The orc warrior hits you with a +1 vampiric hand axe!
You die...

'...)....#........# #....#
#........#........# #....#
#...######..###..## ##...#
#...##..##..###..## ##...#
..................# #...##
..................# #..†#####
###+###.###.##.###########......#
#...#######.##.#.....#..##......#
#....'....#....#@o...#..<.......#
#....#....'....#.....#..##..##..#
########'##....#.....#..##..#####
..........#....#...[.#..##..##...
..........#....'.....#...'..'...#
..........#....#.....'...########
..........######.....##'###...≈..
...####..........##'##..###._.≈._
...# #..........#...#...##...≈..


You could see an orc warrior.

Vanquished Creatures
  A wyvern (D:6)
  A steam dragon (D:6)
  2 water moccasins
  2 black bears (D:6)
  A centaur (D:7)
  A bullfrog (D:6)
  2 necrophages
  4 scorpions
  A howler monkey (D:5)
  3 hounds
  An orc priest (D:4)
  A gnoll bouda (D:6)
  2 iguanas (D:6)
  11 gnolls
  7 adders
  2 white imps
  3 ufetubi
  A worm (D:3)
  A dart slug (D:1)
  4 orcs
  An endoplasm (D:1)
  5 giant cockroaches
  3 goblins
  7 hobgoblins
  13 jackals
  5 quokkas
  6 ball pythons
  3 bats
  6 frilled lizards
  5 kobolds
  6 rats
111 creatures vanquished.

Notes
Turn   | Place    | Note
-------+----------+-------------------------------------------
     0 | D:1      | oldriver the Ghoul Fighter began the quest for the Orb.
     0 | D:1      | Reached XP level 1. HP: 19/19 MP: 0/0
    78 | D:1      | Found Gyoruefi's Jewellery Shoppe.
    92 | D:1      | Reached XP level 2. HP: 24/26 MP: 1/1
   309 | D:1      | Found Beuzisme's Jewellery Emporium.
   320 | D:1      | Found Ylodeb's Armour Shop.
   356 | D:1      | Found Peongiwk's Armour Shop.
   395 | D:1      | Reached skill level 1 in Stealth
   408 | D:1      | Found Zeleub's Antique Armour Shoppe.
   503 | D:1      | Reached XP level 3. HP: 31/31 MP: 2/2
  1095 | D:2      | Reached XP level 4. HP: 40/40 MP: 3/3
  1296 | D:3      | Noticed pigah's ghost (amateur OpWn)
  1620 | D:3      | Found a transporter.
  1828 | D:3      | Found a transporter.
  2016 | D:3      | Reached XP level 5. HP: 32/47 MP: 4/4
  2111 | D:3      | Found a faded altar of an unknown god.
  2313 | D:4      | Reached skill level 1 in Ranged Weapons
  2350 | D:4      | Reached skill level 2 in Ranged Weapons
  2350 | D:4      | Reached XP level 6. HP: 28/55 MP: 5/5
  2496 | D:4      | Found a snail-covered altar of Cheibriados.
  3021 | D:5      | Entered Level 5 of the Dungeon
  3062 | D:5      | Noticed a water moccasin
  3072 | D:5      | Killed a water moccasin
  3073 | D:5      | Reached skill level 5 in Fighting
  3073 | D:5      | Reached skill level 3 in Ranged Weapons
  3357 | D:5      | Reached XP level 7. HP: 57/61 MP: 6/6
  3593 | D:5      | Reached skill level 4 in Ranged Weapons
  3671 | D:5      | Found an iron altar of Okawaru.
  3671 | D:5      | Found a bloodstained altar of Trog.
  3963 | D:5      | Found a runed translucent door.
  3978 | D:5      | Noticed flotson's ghost (amateur DsDe)
  4178 | D:1      | Bought a +2 pair of boots of flying for 215 gold pieces
  4395 | D:6      | Noticed a steam dragon
  4423 | D:6      | HP: 3/62 [steam dragon/ball of steam (5)]
  4652 | D:6      | Killed a steam dragon
  4777 | D:6      | Reached skill level 1 in Dodging
  4796 | D:6      | Found a shadowy altar of Dithmenos.
  4797 | D:6      | Found a hide-covered altar of Uskayaw.
  5418 | D:6      | Reached skill level 5 in Ranged Weapons
  5418 | D:6      | Reached XP level 8. HP: 34/70 MP: 7/7
  5847 | D:6      | Found a stormy altar of Qazlal.
  5864 | D:6      | Reached skill level 6 in Ranged Weapons
  6209 | D:7      | Reached skill level 7 in Ranged Weapons
  6583 | D:7      | Found a staircase to the Ecumenical Temple.
  6600 | Temple   | Entered the Ecumenical Temple
  6632 | D:7      | Noticed a wyvern
  6649 | D:6      | Killed a wyvern
  6650 | D:6      | Reached XP level 9. HP: 44/78 MP: 8/8
  6681 | D:6      | Slain by an orc warrior

Illustrated notes

Levels and vault maps discovered:
D:1:      psy_arrival_radial01, layout_rooms, serial_shops,
          nicolae_shop_waterfront, nicolae_shop_window_shopping,
          nicolae_shop_hallway_stairs, nicolae_shop_advertising_works
          [nicolae_subvault_shop_adworks], shop, minmay_misc_feat_more_columns
D:2:      layout_rooms
D:3:      layout_basic, gammafunk_ghost_stat_death,
          hellmonk_ecumenical_altar_lost_god
D:4:      layout_loops_ring, cheibriados_altar_1
D:5:      layout_loops_corners, grunt_temple_overflow_bloody_war, serial_glass,
          glass_columns_a, glass_columns_a, feat_on_display,
          ebering_ghost_sewer_d
D:6:      layout_gridville, kennysheep_mini, mainiacjoe_overflow_divided_tiny,
          st_stairs_12
D:7:      layout_layer_cave, minitemple, minmay_temple_entry_wispy
Temple:   hellmonk_temple_rainy

Skill      XL: |  1  2  3  4  5  6  7  8 |
---------------+-------------------------+-----
Shields        | 3 |  3.0
Stealth        | 1 2 3 |  3.0
Unarmed Combat | 3 |  3.0
Armour         | 3 |  3.3
Fighting       | 4 5 6 |  6.5
Ranged Weapons | 2 3 5 7 |  7.7
Dodging        | 1 2 |  2.0

Action                     |  1- 3 |  4- 6 |  7- 9 || total
---------------------------+-------+-------+-------++-------
  Melee: Unarmed           |   123 |   106 |       ||   229
   Fire: Sling             |       |   139 |   326 ||   465
  Evoke: Wand              |       |       |     2 ||     2
    Use: Scroll            |       |    13 |     1 ||    14
         Potion            |       |       |     7 ||     7
 Armour: Scale mail        |    55 |   114 |    56 ||   225
         Steam dragon scal |       |       |   102 ||   102
  Dodge: Dodged            |    41 |    84 |   132 ||   257
  Block: Buckler           |    16 |    77 |   152 ||   245
         Reflection        |       |       |    11 ||    11

Table legend: (Time is in decaauts)
 A = Elapsed time spent in this place.
 B = Non-inter-level travel time spent in this place.
 C = Inter-level travel time spent in this place.
 D = Time resting spent in this place.
 E = Time spent auto-exploring this place.
 F = Levels seen in this place.
 G = Mean time per level.
                   A        B        C        D        E       F      G
               +--------+--------+--------+--------+--------+-----+--------+
         Total |   6825 |   5831 |    994 |    549 |   3597 |   8 |  853.1 |
       Dungeon |   6797 |   5809 |    988 |    549 |   3588 |   7 |  971.0 |
        Temple |     27 |     21 |      6 |      0 |      9 |   1 |   27.0 |
               +--------+--------+--------+--------+--------+-----+--------+

Top non-repeatable levels by time:
     D:6: 1815 daAuts
     D:5: 1464 daAuts
     D:3: 938 daAuts
     D:4: 849 daAuts
     D:1: 768 daAuts
     D:2: 743 daAuts
     D:7: 218 daAuts
  Temple: 27 daAuts
